[Event "Titled Tuesday Blitz June 21 Late 2022"]
[White "Arabidze, Meri"]
[Black "Ibarra Jerez, Jose Carlos"]
[WhiteFideId "13604040"]
[BlackFideId "2226332"]
[WhiteElo "2335"]
[BlackElo "2628"]
[Result "0-1"]
[Round "02"]
[TimeControl "180+1"]
[Date "2022.06.21"]
[WhiteClock "0:00:01"]
[BlackClock "0:00:44"]

1. Nf3 Nf6 2. g3 g6 3. Bg2 Bg7 4. O-O O-O 5. d4 d6 6. b3 b5 7. Bb2 Bb7 8. Nbd2 Nbd7 9. c4 bxc4 10. Nxc4 a5 11. Re1 Ra6 12. Qd3 Qa8 13. Rac1 c5 14. Nh4 Bxg2 15. Nxg2 a4 16. e4 axb3 17. axb3 cxd4 18. Bxd4 e5 19. Be3 Nxe4 20. b4 Rb8 21. Rb1 d5 22. b5 Ra2 23. Nd2 Ndc5 24. Bxc5 Nxd2 25. Rb4 e4 26. Qe3 Nf3+ 27. Kh1 d4 28. Qxe4 Nxe1 29. Qxa8 Rbxa8 30. Nxe1 Ra1 31. b6 Rxe1+ 32. Kg2 Be5 33. b7 Re8 34. Ba7 d3 35. f4 d2 0-1


[Site "https://www.chess.com"]

[Event "Titled Tuesday Blitz June 21 Late 2022"]
[White "Artemenko, Oleg"]
[Black "Onslow, Alfie"]
[WhiteFideId "14201798"]
[BlackFideId "436976"]
[WhiteElo "2287"]
[BlackElo "1885"]
[Result "1-0"]
[Round "02"]
[TimeControl "180+1"]
[Date "2022.06.22"]
[WhiteClock "0:02:18"]
[BlackClock "0:00:05"]

1. e4 c5 2. Nf3 Nc6 3. Bb5 g6 4. O-O Bg7 5. c3 e5 6. Re1 Nge7 7. Na3 O-O 8. h3 d6 9. Qc2 a6 10. Bf1 b5 11. d3 Rb8 12. Be3 f5 13. Rad1 f4 14. Bc1 b4 15. Nc4 Qc7 16. a4 h6 17. Rd2 g5 18. Red1 g4 19. hxg4 Bxg4 20. Nh2 b3 21. Qb1 Bxd1 22. Rxd1 d5 23. exd5 Nxd5 24. Bd2 Rf7 25. Re1 Rbf8 26. Be2 Nb6 27. Bf3 Nxc4 28. dxc4 Kh8 29. Qe4 Na5 30. Qe2 Rd8 31. Bd5 Rfd7 32. Nf3 Re7 33. Qe4 Qd6 34. Bxf4 Rf8 35. Bg3 Qc7 36. Nh4 Qc8 37. Ng6+ 1-0


[Site "https://www.chess.com"]

[Event "Titled Tuesday Blitz June 21 Late 2022"]
[White "Avazkhonov, Alikhon"]
[Black "Roque Sola, Gisela"]
[WhiteFideId "14208504"]
[BlackFideId "5120241"]
[WhiteElo "1739"]
[BlackElo "1863"]
[Result "1-0"]
[Round "02"]
[TimeControl "180+1"]
[Date "2022.06.22"]
[WhiteClock "0:00:30"]
[BlackClock "0:00:25"]

1. d4 e6 2. c4 Nf6 3. Nc3 d5 4. cxd5 exd5 5. Bg5 c6 6. e3 Bf5 7. Qf3 Bg6 8. Bxf6 gxf6 9. h4 h5 10. Nh3 Nd7 11. Nf4 Qb6 12. O-O-O O-O-O 13. Bd3 Bb4 14. Bxg6 fxg6 15. Nxg6 Rhe8 16. Rd2 Qa5 17. Rc2 Kb8 18. a3 Bxc3 19. Rxc3 Re4 20. Qxh5 Nb6 21. Qf5 Na4 22. Rc2 c5 23. dxc5 Nxc5 24. Rd1 Nb3+ 25. Kb1 Rc4 26. Rxc4 dxc4 27. Qxa5 Rxd1+ 28. Kc2 Rd2+ 29. Qxd2 1-0


[Site "https://www.chess.com"]

[Event "Titled Tuesday Blitz June 21 Late 2022"]
[White "Bayo Milagro, Alvaro"]
[Black "Muradli, Mahammad"]
[WhiteFideId "22275240"]
[BlackFideId "13409301"]
[WhiteElo "2270"]
[BlackElo "2611"]
[Result "0-1"]
[Round "02"]
[TimeControl "180+1"]
[Date "2022.06.21"]
[WhiteClock "0:00:17"]
[BlackClock "0:00:45"]

1. d4 Nf6 2. Nf3 g6 3. g3 Bg7 4. Bg2 O-O 5. O-O d5 6. c4 c6 7. b3 dxc4 8. bxc4 c5 9. Bb2 Qb6 10. Qb3 Nc6 11. d5 Na5 12. Qxb6 axb6 13. Nbd2 Rd8 14. e4 Nxe4 15. Bxg7 Nxd2 16. Nxd2 Kxg7 17. Rab1 Ra6 18. Rfe1 Kf8 19. Rb2 Bf5 20. h3 h5 21. Bf3 Bxh3 22. Be4 Bd7 23. Reb1 b5 24. cxb5 Rd6 25. Rc1 b6 26. Bf3 Bf5 27. Nc4 Nxc4 28. Rxc4 Ra8 29. a4 Ra5 30. Kg2 Bc8 31. Re4 Bb7 32. Rbe2 Rd7 33. Re5 Rxa4 34. g4 hxg4 0-1


[Site "https://www.chess.com"]

[Event "Titled Tuesday Blitz June 21 Late 2022"]
[White "Bernat, David"]
[Black "De La Colina, Nicolas"]
[WhiteFideId "2099225"]
[BlackFideId "30946921"]
[WhiteElo "2300"]
[BlackElo "2046"]
[Result "0-1"]
[Round "02"]
[TimeControl "180+1"]
[Date "2022.06.22"]
[WhiteClock "0:01:13"]
[BlackClock "0:00:59"]

1. c4 g6 2. Nc3 Bg7 3. g3 d6 4. Bg2 f5 5. e4 Nc6 6. Nge2 Nf6 7. O-O O-O 8. d3 e5 9. h3 Be6 10. Be3 Qd7 11. Kh2 Kh8 12. Qd2 Rae8 13. b3 a6 14. Rad1 Nh5 15. exf5 gxf5 16. d4 f4 17. gxf4 exf4 18. Nxf4 Nxf4 19. Bxf4 Nxd4 20. Bh6 Nf3+ 21. Bxf3 Rxf3 22. Bxg7+ Qxg7 0-1


[Site "https://www.chess.com"]

[Event "Titled Tuesday Blitz June 21 Late 2022"]
[White "Bintang, Rasyid A. Hidayat"]
[Black "Melikyan, Gnel"]
[WhiteFideId "7105355"]
[BlackFideId "54109990"]
[WhiteElo "2407"]
[BlackElo "1772"]
[Result "0-1"]
[Round "02"]
[TimeControl "180+1"]
[Date "2022.06.22"]
[WhiteClock "0:00:30"]
[BlackClock "0:00:14"]

1. d4 Nf6 2. Bf4 d5 3. e3 c6 4. Nd2 Bf5 5. c4 e6 6. Qb3 Qc8 7. Rc1 Nbd7 8. Ngf3 Be7 9. h3 h6 10. Be2 O-O 11. O-O Re8 12. Ne5 Nxe5 13. Bxe5 Nd7 14. Bg3 Bf6 15. Bd3 Bxd3 16. Qxd3 Qd8 17. e4 dxc4 18. Nxc4 Nc5 19. Qa3 Nxe4 20. Be5 Qe7 21. Rfe1 Qxa3 22. bxa3 Bxe5 23. dxe5 Nc5 24. Na5 b6 25. Red1 Rac8 26. Nc4 Red8 27. Nd6 Rc7 28. Rd4 Nb7 29. Rcd1 c5 30. R4d2 Nxd6 31. exd6 Rc6 32. f4 f6 33. Kf2 Kf7 34. Kf3 c4 35. g4 g6 36. h4 b5 37. Ke4 c3 38. Rc2 a5 39. Rd3 Rc4+ 40. Kf3 b4 41. axb4 axb4 42. a3 bxa3 43. Rcxc3 Rxc3 44. Rxc3 Ra8 45. d7 a2 46. d8=Q Rxd8 47. Ra3 Rd3+ 48. Rxd3 a1=Q 49. Rd7+ Ke8 50. Rd3 Qf1+ 51. Ke3 Qe1+ 52. Kd4 Qxh4 53. Re3 Qxg4 54. Re4 e5+ 55. fxe5 Qxe4+ 56. Kxe4 f5+ 57. Kf4 Ke7 0-1


[Site "https://www.chess.com"]

[Event "Titled Tuesday Blitz June 21 Late 2022"]
[White "Bluebaum, Matthias"]
[Black "Hnydiuk, Aleksander"]
[WhiteFideId "24651516"]
[BlackFideId "1109057"]
[WhiteElo "2556"]
[BlackElo "2374"]
[Result "1-0"]
[Round "02"]
[TimeControl "180+1"]
[Date "2022.06.21"]
[WhiteClock "0:01:19"]
[BlackClock "0:01:50"]

1. d4 Nf6 2. c4 g6 3. Nc3 d5 4. cxd5 Nxd5 5. e4 Nxc3 6. bxc3 Bg7 7. Nf3 c5 8. Bb5+ Nd7 9. O-O O-O 10. h3 b6 11. Qe2 Bb7 12. Bg5 Nf6 13. d5 h6 14. Bh4 Nh5 15. Qe3 Qc7 16. Rad1 g5 17. Nxg5 hxg5 18. Qxg5 Nf4 19. Bg3 e5 20. dxe6 fxe6 21. Rd7 Ne2+ 22. Kh2 1-0


[Site "https://www.chess.com"]

[Event "Titled Tuesday Blitz June 21 Late 2022"]
[White "Boyer, Mahel"]
[Black "Lopez Gracia, Fernando"]
[WhiteFideId "45102422"]
[BlackFideId "2207184"]
[WhiteElo "2400"]
[BlackElo "2481"]
[Result "1-0"]
[Round "02"]
[TimeControl "180+1"]
[Date "2022.06.22"]
[WhiteClock "0:00:01"]
[BlackClock "0:00:08"]

1. e4 e5 2. Nf3 Nc6 3. d4 exd4 4. Nxd4 Nf6 5. Nc3 Bb4 6. Nxc6 bxc6 7. Bd3 d5 8. Bd2 O-O 9. O-O Bxc3 10. Bxc3 Nxe4 11. Bxe4 dxe4 12. Qh5 h6 13. Rfe1 f5 14. Re3 Qg5 15. Rg3 Qxh5 16. Rxg7+ Kh8 17. Rf7+ Kg8 18. Rg7+ Kh8 19. Rg5+ Kh7 20. Rxh5 Be6 21. Be5 Kg6 22. Rh4 Rad8 23. Bxc7 Rd2 24. Rxh6+ Kxh6 25. Bf4+ Kg6 26. Bxd2 Rd8 27. Be3 Kh5 28. h3 a5 29. a4 Rb8 30. b4 Rxb4 31. Bd2 Rc4 32. Bxa5 Rxc2 33. Bb6 Ra2 34. Rxa2 Bxa2 35. Be3 Bc4 36. Kh2 Bd3 37. Kg3 Bf1 38. a5 Kg6 39. Kf4 Kf6 40. Bd4+ Ke6 41. h4 Bxg2 42. a6 Bf3 43. a7 c5 44. Be3 1-0


[Site "https://www.chess.com"]

[Event "Titled Tuesday Blitz June 21 Late 2022"]
[White "Cabarkapa, Novak"]
[Black "Zhou, Qiyu"]
[WhiteFideId "943746"]
[BlackFideId "505161"]
[WhiteElo "2433"]
[BlackElo "1925"]
[Result "1-0"]
[Round "02"]
[TimeControl "180+1"]
[Date "2022.06.22"]
[WhiteClock "0:00:17"]
[BlackClock "0:00:03"]

1. h4 e5 2. c3 d5 3. d4 Nc6 4. dxe5 Nxe5 5. Nf3 Nxf3+ 6. exf3 Nf6 7. Bd3 Bd6 8. O-O O-O 9. Qc2 h6 10. Re1 c5 11. Nd2 Bc7 12. Nf1 Nh5 13. g3 Bh3 14. Bh7+ Kh8 15. Bf5 Bxf5 16. Qxf5 g6 17. Qd3 Kg7 18. Qe3 Rh8 19. Qxc5 Bb6 20. Qb4 Qc7 21. Be3 Rhe8 22. Bxb6 Qxb6 23. Qxb6 axb6 24. a3 Nf6 25. Rad1 Rxe1 26. Rxe1 Rd8 27. Rd1 b5 28. Ne3 Rd6 29. h5 Nxh5 30. Rxd5 Rxd5 31. Nxd5 f5 32. Nc7 f4 33. Kg2 fxg3 34. fxg3 Nf6 35. Nxb5 Nd5 36. Nd6 Ne3+ 37. Kg1 Nd1 38. b4 Nxc3 39. Nxb7 Kf6 40. Kg2 Ke5 41. Nc5 Kd5 42. Nd3 g5 43. Nb2 Kd4 44. a4 Nd5 45. b5 Kc5 46. Kh3 Nc3 47. Kg4 Ne2 48. Nd3+ Kb6 49. Ne5 Nc3 50. Nc4+ Kc5 51. b6 Kxc4 52. b7 Nd5 53. b8=Q Nf6+ 54. Kf5 1-0


[Site "https://www.chess.com"]

[Event "Titled Tuesday Blitz June 21 Late 2022"]
[White "Carrasco Miranda, Andres"]
[Black "Rustemov, Alexander"]
[WhiteFideId "3405990"]
[BlackFideId "4119002"]
[WhiteElo "2177"]
[BlackElo "2723"]
[Result "0-1"]
[Round "02"]
[TimeControl "180+1"]
[Date "2022.06.22"]
[WhiteClock "0:00:05"]
[BlackClock "0:00:29"]

1. d4 f5 2. Nf3 Nf6 3. g3 g6 4. Bg2 Bg7 5. O-O O-O 6. b4 d6 7. Bb2 Qe8 8. Nbd2 h6 9. c4 g5 10. Re1 Qg6 11. Qb3 Kh8 12. b5 Nbd7 13. a4 Rb8 14. a5 Ne4 15. Qc2 Ndf6 16. e3 c6 17. b6 a6 18. Nxe4 fxe4 19. Nd2 Bf5 20. Rf1 g4 21. Ra3 h5 22. d5 cxd5 23. cxd5 Rbc8 24. Rc3 Nxd5 25. Rxc8 Rxc8 26. Bxg7+ Kxg7 27. Qb2+ Nc3 28. Rc1 Qf6 29. Kh1 Be6 30. Qb4 Rc5 31. Qd4 Bd5 32. h4 e5 33. Qb4 Qxf2 34. Rxc3 Qxd2 35. Rxc5 Qxb4 36. Rc7+ Kf6 0-1


[Site "https://www.chess.com"]

[Event "Titled Tuesday Blitz June 21 Late 2022"]
[White "Christiansen, Johan-Sebastian"]
[Black "Andreikin, Dmitry"]
[WhiteFideId "1512668"]
[BlackFideId "4158814"]
[WhiteElo "2513"]
[BlackElo "2736"]
[Result "0-1"]
[Round "02"]
[TimeControl "180+1"]
[Date "2022.06.21"]
[WhiteClock "0:00:10"]
[BlackClock "0:00:30"]

1. e4 c5 2. Nf3 e6 3. b4 cxb4 4. a3 bxa3 5. d4 Nf6 6. e5 Ne4 7. Bd3 Bb4+ 8. Kf1 d5 9. exd6 Nf6 10. Nxa3 O-O 11. Nb5 Nc6 12. c3 Bxd6 13. Nxd6 Qxd6 14. Ba3 Qc7 15. Bxf8 Kxf8 16. Qe2 b6 17. h4 Bb7 18. h5 h6 19. Rh4 a5 20. Ne5 Rc8 21. c4 Rd8 22. Nxc6 Qxc6 23. f3 Qd6 24. Qb2 Ba8 25. Be2 Kg8 26. Rb1 Nd7 27. Rg4 Nf6 28. Rh4 Nd7 29. Rg4 Qf8 30. Rf4 Bc6 31. Rd1 Qd6 32. Rg4 Nf6 33. Rh4 Be8 34. Rc1 Qg3 35. Rh3 Qf4 36. Rd1 Rb8 37. d5 exd5 38. cxd5 a4 39. d6 Bd7 40. Rh1 Ne4 41. Rd4 Ng3+ 42. Ke1 Qe5 43. Rg1 Re8 44. Rd2 Qe3 45. Rf1 a3 46. Qa2 Qc3 47. Kf2 Nxf1 48. Ke1 0-1


[Site "https://www.chess.com"]

[Event "Titled Tuesday Blitz June 21 Late 2022"]
[White "Clarke, Brandon G I"]
[Black "Martin Carmona, Gaston Manuel"]
[WhiteFideId "400319"]
[BlackFideId "22284567"]
[WhiteElo "2414"]
[BlackElo "2162"]
[Result "1-0"]
[Round "02"]
[TimeControl "180+1"]
[Date "2022.06.22"]
[WhiteClock "0:00:05"]
[BlackClock "0:00:04"]

1. e4 c5 2. Nf3 d6 3. Bb5+ Nd7 4. O-O a6 5. Bd3 Ngf6 6. c3 b5 7. Re1 e6 8. a4 Bb7 9. Bc2 c4 10. d4 cxd3 11. Qxd3 Nc5 12. Qd4 e5 13. Qd1 bxa4 14. Bg5 Be7 15. Bxf6 Bxf6 16. Bxa4+ Nxa4 17. Qxa4+ Qd7 18. Nbd2 Bc6 19. Qa3 Bb5 20. Nf1 O-O 21. Ne3 Bd8 22. Rad1 Qb7 23. Nf5 Bc7 24. Nxd6 Bxd6 25. Rxd6 Qe7 26. Rxa6 Qxa3 27. Rxa3 Rxa3 28. bxa3 Rc8 29. Nxe5 Rxc3 30. Ra1 f6 31. Nf3 Bc6 32. a4 Bxa4 33. Nd2 Bc6 34. f3 h5 35. Ra2 h4 36. Kf2 Rc1 37. Nb3 Rh1 38. h3 Bd7 39. Rd2 Bb5 40. Nd4 Rf1+ 41. Ke3 Bc4 42. Nf5 Re1+ 43. Kf4 g5+ 44. Kg4 Be6 45. Rd6 Kf7 46. Rd2 Ra1 47. Rb2 Ra5 48. Rb7+ Kf8 49. Rc7 Ra2 50. Kh5 Bf7+ 51. Kh6 Rxg2 52. Nd6 Be6 53. Kg6 Bxh3 54. Kxf6 Rf2 55. Kxg5 Rxf3 56. Kxh4 Be6 57. Kg5 Rf1 58. e5 Bh3 59. Ra7 Re1 60. Rf7+ Kg8 61. Re7 Kf8 62. Re8+ Kg7 63. Re7+ Kf8 64. Rf7+ Kg8 65. Rf3 Rxe5+ 66. Kf4 Rh5 67. Ne4 Rh6 68. Kg5 Rh8 69. Nf6+ Kg7 70. Nh5+ Rxh5+ 71. Kxh5 Be6 72. Kg5 Bf7 73. Rf6 Bg8 74. Ra6 Kh8 75. Ra7 Bd5 76. Kf6 Bc4 77. Rc7 Bg8 78. Rc5 Bb3 79. Rh5+ Kg8 80. Rg5+ Kh8 81. Rg3 Bc4 82. Kg6 Bd5 83. Rh3+ Kg8 84. Rh4 Bb3 85. Rb4 Bc2+ 86. Kh6 Bf5 87. Rb8+ Kf7 88. Kg5 Be6 89. Rb7+ Kg8 90. Kg6 Bd5 91. Rb8# 1-0


[Site "https://www.chess.com"]

[Event "Titled Tuesday Blitz June 21 Late 2022"]
[White "Colpe, Malte"]
[Black "Mei, Austin"]
[WhiteFideId "24623075"]
[BlackFideId "30948479"]
[WhiteElo "2328"]
[BlackElo "1936"]
[Result "1/2-1/2"]
[Round "02"]
[TimeControl "180+1"]
[Date "2022.06.22"]
[WhiteClock "0:00:10"]
[BlackClock "0:00:31"]

1. e4 e5 2. Nf3 Nc6 3. Bc4 Nf6 4. d4 exd4 5. e5 Ne4 6. Qe2 Nc5 7. c3 d3 8. Qe3 Ne6 9. Bxd3 d5 10. O-O Bc5 11. Qe2 O-O 12. b4 Be7 13. b5 Na5 14. Nd4 g6 15. f4 Bc5 16. Be3 Nc4 17. Bxc4 dxc4 18. Rd1 Qh4 19. g3 Qh3 20. Nd2 Nxd4 21. cxd4 Bg4 22. Qf1 Qxf1+ 23. Rxf1 c3 24. dxc5 cxd2 25. Bxd2 Rad8 26. Bb4 Rd4 27. a3 Rfd8 28. Kg2 c6 29. bxc6 bxc6 30. h3 Be6 31. Rf2 h5 32. Rc1 Rd3 33. Kh2 Rb3 34. Rcc2 Rdd3 35. Rcd2 Rxg3 36. Rg2 Rxh3+ 37. Kg1 Bd5 38. Rg5 Rb1+ 39. Kf2 Rh2+ 40. Ke3 Rb3+ 41. Kd4 Rxd2+ 42. Bxd2 Rxa3 43. f5 Kf8 44. fxg6 fxg6 45. Rxg6 Ra4+ 46. Kc3 Re4 47. Rg5 h4 48. Rh5 Kf7 49. Rh6 a5 50. Kd3 a4 51. Bg5 Rxe5 52. Bxh4 Rf5 53. Rh7+ Kg6 54. Ra7 Rf3+ 55. Ke2 a3 56. Be1 Rb3 57. Kd2 Kf5 58. Bf2 Rb5 59. Bd4 Rb4 60. Kc3 Rc4+ 61. Kd3 Kf4 62. Rxa3 Rb4 63. Ra2 Rb3+ 64. Bc3 Be4+ 65. Kd4 Bd5 66. Rf2+ Kg3 67. Rf1 Rb8 68. Re1 Rf8 69. Re3+ Rf3 70. Rxf3+ Kxf3 71. Ke5 Ke3 72. Bd4+ Kd3 73. Bg1 Kc4 74. Bd4 Kb5 75. Bg1 Ka6 76. Bf2 Kb5 77. Be3 Ka6 78. Bf2 Kb5 79. Be3 Ka6 80. Bf2 1/2-1/2


[Site "https://www.chess.com"]

[Event "Titled Tuesday Blitz June 21 Late 2022"]
[White "Corrales Jimenez, Fidel"]
[Black "Hansch, Karsten"]
[WhiteFideId "3506690"]
[BlackFideId "24692239"]
[WhiteElo "2541"]
[BlackElo "2358"]
[Result "1-0"]
[Round "02"]
[TimeControl "180+1"]
[Date "2022.06.22"]
[WhiteClock "0:01:16"]
[BlackClock "0:00:52"]

1. d4 Nf6 2. c4 g6 3. Nc3 Bg7 4. e4 d6 5. Be2 O-O 6. h4 e5 7. d5 c6 8. h5 cxd5 9. h6 Bh8 10. cxd5 Nfd7 11. Nf3 f5 12. Ng5 Nc5 13. Be3 Bf6 14. Bxc5 Bxg5 15. Ba3 a6 16. exf5 Bxf5 17. Qb3 b5 18. Qb4 Rf6 19. g4 Bc8 20. Ne4 Rf4 21. f3 Bb7 22. Qxd6 Bh4+ 23. Kf1 Bxd5 24. Rxh4 Qxh4 25. Qxd5+ Kh8 26. Qxe5+ 1-0


[Site "https://www.chess.com"]

[Event "Titled Tuesday Blitz June 21 Late 2022"]
[White "Culum, Sanjin"]
[Black "Wang, Isaac"]
[WhiteFideId "14420937"]
[BlackFideId "30977185"]
[WhiteElo "2013"]
[BlackElo "2296"]
[Result "1/2-1/2"]
[Round "02"]
[TimeControl "180+1"]
[Date "2022.06.22"]
[WhiteClock "0:00:16"]
[BlackClock "0:00:15"]

1. d4 Nf6 2. Nf3 d5 3. g3 c6 4. Bg2 Bg4 5. O-O Bxf3 6. Bxf3 Nbd7 7. c4 e6 8. b3 Bd6 9. Bb2 O-O 10. Nd2 Re8 11. Bg2 Qe7 12. e4 dxe4 13. Nxe4 Nxe4 14. Bxe4 Nf6 15. Bf3 e5 16. dxe5 Bxe5 17. Qc2 Bxb2 18. Qxb2 Rad8 19. Rad1 Rxd1 20. Rxd1 g6 21. Kg2 Nd7 22. Qd4 Nb6 23. Rd2 Qb4 24. Qd6 Qxd6 25. Rxd6 Kg7 26. h4 h5 27. a4 Re7 28. a5 Nd7 29. a6 Nc5 30. axb7 Rxb7 31. Rxc6 Nxb3 32. Bd5 Re7 33. Ra6 Nd4 34. c5 Rc7 35. c6 Kf8 36. Ra4 Nf5 37. Re4 Nd6 38. Rf4 Ke7 39. f3 f5 40. g4 hxg4 41. fxg4 Kf6 42. h5 Kg5 43. Ra4 gxh5 44. gxh5 Kxh5 45. Kg3 Kg5 46. Kf3 Kf6 47. Kf4 Nf7 48. Ra5 Ne5 49. Bf3 Nxf3 50. Kxf3 Rxc6 51. Rxa7 Ke5 52. Ra5+ Kf6 53. Kf4 Rc4+ 54. Kf3 Kg5 55. Ra3 f4 56. Kf2 Kg4 57. Kg2 Rc2+ 58. Kf1 f3 59. Ra8 Rc1+ 60. Kf2 Rc2+ 61. Kf1 Rc1+ 62. Kf2 Rc2+ 63. Kf1 1/2-1/2


[Site "https://www.chess.com"]

[Event "Titled Tuesday Blitz June 21 Late 2022"]
[White "D`Arruda, Ricardo D."]
[Black "Nathan, Nitish"]
[WhiteFideId "100692"]
[BlackFideId "30927870"]
[WhiteElo "2496"]
[BlackElo "2259"]
[Result "1-0"]
[Round "02"]
[TimeControl "180+1"]
[Date "2022.06.22"]
[WhiteClock "0:00:59"]
[BlackClock "0:00:56"]

1. Nf3 d5 2. d4 c6 3. g3 Nf6 4. Bg2 Bf5 5. O-O Nbd7 6. c4 e6 7. Nc3 Bd6 8. Nh4 Bg4 9. Qc2 O-O 10. e4 dxe4 11. Nxe4 Nxe4 12. Bxe4 f5 13. Bg2 Nf6 14. Re1 Re8 15. Bg5 h6 16. Be3 g5 17. Ng6 Bh5 18. Ne5 Bxe5 19. dxe5 Nd7 20. f4 g4 21. Rad1 Qe7 22. Rd6 Rad8 23. Red1 Nb6 24. Bxb6 axb6 25. Qb3 Qc7 26. Qd3 Ra8 27. Rd7 Qc8 28. a3 Bf7 29. Qd6 h5 30. h4 Ra4 31. b3 Ra8 32. a4 Ra7 33. Bxc6 Rf8 34. Rc7 Qb8 35. Bg2 Ra8 36. Qxb6 Rd8 37. Rd6 Ra6 38. Qxb7 Raxd6 39. exd6 Qxb7 40. Bxb7 Rxd6 41. c5 Rd1+ 42. Kf2 Rd2+ 43. Ke1 Rd3 44. c6 Rxg3 45. Rxf7 Kxf7 46. c7 Rc3 47. c8=Q Rxc8 48. Bxc8 e5 49. fxe5 f4 50. a5 f3 51. Kf2 Kg6 52. a6 Kf7 53. a7 Ke7 54. a8=Q Kd8 55. Bxg4+ Kc7 56. Qa7+ Kc6 57. Bxf3+ Kb5 58. Qa4+ Kc5 59. Qc4+ Kb6 60. e6 Ka5 61. e7 Kb6 62. e8=Q Ka5 63. Qd8# 1-0


[Site "https://www.chess.com"]

[Event "Titled Tuesday Blitz June 21 Late 2022"]
[White "Dardha, Daniel"]
[Black "Prydun, Andriy"]
[WhiteFideId "240990"]
[BlackFideId "14145898"]
[WhiteElo "2482"]
[BlackElo "2063"]
[Result "1-0"]
[Round "02"]
[TimeControl "180+1"]
[Date "2022.06.22"]
[WhiteClock "0:01:44"]
[BlackClock "0:00:01"]

1. d4 Nf6 2. c4 c5 3. d5 e5 4. Nc3 d6 5. e4 Nbd7 6. Bd3 Be7 7. Nge2 h5 8. f3 h4 9. Be3 Nf8 10. Qd2 Ng6 11. O-O-O a6 12. g3 Bd7 13. f4 Ng4 14. Kb1 b5 15. cxb5 axb5 16. Bxb5 Bxb5 17. Nxb5 exf4 18. gxf4 Qa5 19. Nec3 O-O 20. Rhg1 Nxe3 21. Qxe3 Rfb8 22. a4 Bf6 23. e5 dxe5 24. Rxg6 exf4 25. Rxg7+ Bxg7 26. Qxf4 Qb4 27. Qg5 Rxa4 28. Rg1 Qe4+ 29. Nxe4 1-0


[Site "https://www.chess.com"]

[Event "Titled Tuesday Blitz June 21 Late 2022"]
[White "Deac, Bogdan-Daniel"]
[Black "Barria Zuniga, Daniel"]
[WhiteFideId "1226380"]
[BlackFideId "3400816"]
[WhiteElo "2648"]
[BlackElo "2414"]
[Result "1/2-1/2"]
[Round "02"]
[TimeControl "180+1"]
[Date "2022.06.21"]
[WhiteClock "0:00:11"]
[BlackClock "0:01:02"]

1. e4 d5 2. exd5 Qxd5 3. Nc3 Qe5+ 4. Be2 c6 5. d4 Qc7 6. Nf3 Bf5 7. d5 Nf6 8. Nd4 Bd7 9. dxc6 Nxc6 10. Ndb5 Qb8 11. O-O a6 12. Nd4 e6 13. Bf3 Qc7 14. g3 Rd8 15. Bf4 Bd6 16. Ndb5 axb5 17. Bxd6 Qb6 18. a4 Nd4 19. Be5 Bc6 20. Bxc6+ bxc6 21. axb5 cxb5 22. Bxd4 Rxd4 23. Ra8+ Ke7 24. Rxh8 Rxd1 25. Rxd1 b4 26. Ne2 Ne4 27. Nd4 e5 28. Nf5+ Kf6 29. Ne3 Qc6 30. Rhd8 Ke6 31. h4 g5 32. h5 f5 33. Rh8 f4 34. gxf4 gxf4 35. Ng4 Nf6 36. Nxf6 Kxf6 37. Rg8 Qf3 38. Rd6+ Ke7 39. Rdd8 Qxh5 40. c4 bxc3 41. bxc3 e4 42. c4 e3 43. fxe3 fxe3 44. Rge8+ Qxe8 45. Rxe8+ Kxe8 46. Kf1 Kd7 47. Ke2 Kc6 48. Kxe3 Kc5 49. Kf4 Kxc4 50. Kg5 Kb3 51. Kh6 Ka2 52. Kxh7 1/2-1/2


[Site "https://www.chess.com"]

[Event "Titled Tuesday Blitz June 21 Late 2022"]
[White "Desideri, Ricardo Maruchi"]
[Black "Roman, Rodrigo"]
[WhiteFideId "2110440"]
[BlackFideId "3701220"]
[WhiteElo "1945"]
[BlackElo "2001"]
[Result "0-1"]
[Round "02"]
[TimeControl "180+1"]
[Date "2022.06.22"]
[WhiteClock "0:02:08"]
[BlackClock "0:02:49"]

1. e4 c5 2. Nf3 d6 3. d4 cxd4 4. Nxd4 Nf6 5. Nc3 a6 6. Rg1 e5 7. Nb3 h5 8. h3 Be6 9. g4 hxg4 10. hxg4 Nc6 11. g5 Nd7 12. Be3 b5 13. a3 Nc5 14. Nxc5 dxc5 15. Nd5 Ne7 16. c4 bxc4 17. Bxc4 Bxd5 18. exd5 Nf5 19. Qa4+ Qd7 20. Bb5 Qxb5 0-1


[Site "https://www.chess.com"]

[Event "Titled Tuesday Blitz June 21 Late 2022"]
[White "Diaz Rosas, Julio Cesar"]
[Black "Sarana, Alexey"]
[WhiteFideId "5105099"]
[BlackFideId "24133795"]
[WhiteElo "2278"]
[BlackElo "2666"]
[Result "0-1"]
[Round "02"]
[TimeControl "180+1"]
[Date "2022.06.21"]
[WhiteClock "0:00:04"]
[BlackClock "0:00:05"]

1. d4 Nf6 2. c4 e6 3. Nc3 Bb4 4. a3 Bxc3+ 5. bxc3 Nc6 6. f3 b6 7. e4 Na5 8. Bd3 c5 9. Bg5 h6 10. Bh4 Ba6 11. e5 g5 12. Bf2 Nh5 13. Ne2 Bxc4 14. O-O cxd4 15. cxd4 Rc8 16. Re1 d5 17. exd6 Qxd6 18. Nc3 Bxd3 19. Qxd3 Nf4 20. Qb5+ Qd7 21. Qe5 Ng6 22. Qg7 Ke7 23. d5 Rhg8 24. Qd4 Rc4 25. Qd3 Nf4 26. Qe3 Nxd5 27. Nxd5+ Qxd5 28. Rad1 Qf5 29. Qd2 Rgc8 30. Qd6+ Kf6 31. Bd4+ Kg6 32. h4 Rc2 33. h5+ Kh7 34. Bf2 g4 35. Rd3 Rg8 36. f4 g3 37. Bxg3 Nc4 38. Qd4 Rg4 39. Rf3 Nd2 40. Rfe3 Nc4 41. Rf3 b5 42. Qd8 Rd2 43. Qe7 a5 44. Re5 Rd1+ 45. Kf2 Nxe5 46. fxe5 Qc2+ 47. Ke3 Rd3# 0-1


[Site "https://www.chess.com"]

[Event "Titled Tuesday Blitz June 21 Late 2022"]
[White "Djabri,Massinas"]
[Black "Capp, Stephen"]
[WhiteFideId "7905726"]
[BlackFideId "2027089"]
[WhiteElo "1941"]
[BlackElo "2106"]
[Result "0-1"]
[Round "02"]
[TimeControl "180+1"]
[Date "2022.06.22"]
[WhiteClock "0:01:11"]
[BlackClock "0:01:29"]

1. d4 Nf6 2. c4 e6 3. Nc3 Bb4 4. Qc2 c5 5. dxc5 Na6 6. Nf3 Nxc5 7. g3 d5 8. a3 Bxc3+ 9. Qxc3 Nce4 10. Qc2 dxc4 11. Bg2 O-O 12. O-O b5 13. Ne5 Bb7 14. Bf4 Rc8 15. Rfd1 Qb6 16. e3 Nc5 17. Bh3 Rcd8 18. Bg5 Nce4 19. Ng4 Nxg5 20. Nxf6+ gxf6 21. Bg4 Qc6 22. e4 Qxe4 23. Qxe4 Bxe4 24. Re1 Nf3+ 0-1


[Site "https://www.chess.com"]

[Event "Titled Tuesday Blitz June 21 Late 2022"]
[White "Do Valle Cardoso, Lucas"]
[Black "Garagulya, Konstantin"]
[WhiteFideId "2163144"]
[BlackFideId "4128931"]
[WhiteElo "2277"]
[BlackElo "2329"]
[Result "1-0"]
[Round "02"]
[TimeControl "180+1"]
[Date "2022.06.22"]
[WhiteClock "0:00:08"]
[BlackClock "0:01:01"]

1. d4 Nf6 2. c4 e6 3. Nc3 d5 4. cxd5 exd5 5. Bg5 Be7 6. e3 O-O 7. Bd3 h6 8. Bh4 b6 9. Nge2 Bb7 10. O-O Bc8 11. a3 Bb7 12. b4 c5 13. bxc5 bxc5 14. Rb1 Bc6 15. a4 c4 16. Bc2 Nbd7 17. f3 Re8 18. h3 Rb8 19. Bf2 a5 20. e4 Rb4 21. e5 Nh7 22. f4 Nb6 23. f5 Qd7 24. Be3 Nxa4 25. Nxa4 Bxa4 26. Bxa4 Qxa4 27. Qe1 Rxb1 28. Qxb1 Qb3 29. Qc1 Ba3 30. Qd2 Bb4 31. Qc1 f6 32. Bxh6 fxe5 33. f6 gxf6 34. Rxf6 Qd3 35. Qf1 exd4 36. Rf3 Qxe2 37. Rg3+ Ng5 38. Rxg5+ Kh7 39. Qf7+ Kxh6 40. Qg6# 1-0


[Site "https://www.chess.com"]